[Event "SixDays Budapest January IM-A 2025"]
[Site "Budapest"]
[Date "2025.01.30"]
[Round "7.1"]
[White "Pribelszky, Bence Daniel"]
[Black "Karacsonyi, Kata"]
[Result "1-0"]
[Annotator "TA"]
[ECO "D05"]
[WhiteElo "2391"]
[BlackElo "2183"]
[PlyCount "93"]
[EventDate "2025.01.24"]
[EventType "tourn"]
[EventCountry "HUN"]
[SourceTitle "playchess.com"]
[Source "ChessBase"]
[SourceQuality "1"]
[TimeControl "5400+30"]

1. e3 Nf6 2. Nf3 e6 3. d4 d5 4. Bd3 Bd6 5. O-O b6 6. b3 Bb7 7. Bb2 O-O 8. Nbd2 {[%emt 0:00:31] The main line 8.Nbd2 scores better than 8.c4.} c5 9. Qe2 Ne4 {[%emt 0:02:42] D05: Colle System with ...e6.} 10. Rad1 Nd7 11. Ne5 {[%emt 0:12:10] [#]} f5 {[%emt 0:30:53] The position is equal.} 12. c4 Bxe5 $146 (12... Nxd2 $11 {remains equal.} 13. Rxd2 (13. Qxd2 cxd4 14. exd4 Rc8 $11) 13... cxd4 14. exd4 Nxe5 15. dxe5 Bc5) (12... Nxd2 13. Rxd2 Qc7 14. cxd5 Bxd5 15. Nxd7 Qxd7 16. dxc5 bxc5 17. Rfd1 Qc7 18. h3 Rad8 {1-0 Patel,Z (1929)-Shankar,Y (1665) British Rapidplay 2024 (1)}) 13. dxe5 $16 Qc7 14. cxd5 Nxd2 15. Rxd2 Bxd5 16. e4 fxe4 17. Bxe4 Bxe4 18. Qxe4 Rad8 19. Rfd1 {[%emt 0:05:11] Hoping for Qc4. White has more active pieces.} Nb8 20. Qc4 (20. Qg4 {simplifies} Rde8 21. Rd6 Qc8 22. Bc3) 20... Rxd2 (20... Rde8 $16) 21. Qxe6+ $18 (21. Rxd2 $6 Qf7 $16) 21... Qf7 22. Qxf7+ (22. Rxd2 $2 {perishes.} Qxe6 23. f3 Nc6 $19) 22... Kxf7 23. Rxd2 {[%emt 0:00:04][%mdl 4096] Endgame KRB-KRN. White is a pawn up.} Ke7 24. g3 g5 25. Rd6 Na6 26. Rh6 Rf7 27. e6 Rf5 28. Bc3 Nb4 $2 (28... Rd5 {was necessary.} 29. Rxh7+ Kxe6 30. Rxa7 Nb8) 29. Bxb4 (29. Rxh7+ Kxe6 30. Bxb4 (30. Rxa7 Nd3 $16) 30... cxb4 31. Rxa7 Kd5 $18) 29... cxb4 30. Rxh7+ Kxe6 31. Rxa7 {[%emt 0:00:06] KR-KR. White is two pawns up.} Kd5 32. Rc7 b5 33. g4 Re5 34. Rd7+ Ke4 35. Kg2 Rc5 36. Rf7 Rd5 {[%emt 0:04:28] [#]} 37. Rf5 $1 {[%emt 0:01:28] White threatens Rxd5 and mate.} Rxf5 (37... Rd2 38. Rxg5) 38. gxf5 {[%emt 0:00:03] White mates.} Kxf5 {[%emt 0:00:05] KP-KP. White is a pawn up.} 39. Kf3 Ke5 40. Kg4 Kd4 41. Kxg5 Kc3 42. f4 Kb2 43. f5 Kxa2 44. f6 Kxb3 45. f7 Kc3 46. f8=Q b3 47. Qc5+ {[%emt 0:00:07] Black got outplayed after the opening.   Weighted Error Value: White=0.04 (flawless) /Black=0.50  Mistake:       	---       	Black=3      Inaccurate:     	---       	Black=2      OK:         	White=15    	Black=8      Best:        	White=3     	Black=1} 1-0

[Event "SixDays Budapest January IM-A 2025"]
[Site "Budapest"]
[Date "2025.01.30"]
[Round "7.3"]
[White "Papp, Levente"]
[Black "Kustar, Sandor"]
[Result "1-0"]
[Annotator "TA"]
[ECO "A45"]
[WhiteElo "2386"]
[BlackElo "2240"]
[PlyCount "45"]
[EventDate "2025.01.24"]
[EventType "tourn"]
[EventCountry "HUN"]
[SourceTitle "playchess.com"]
[Source "ChessBase"]
[SourceQuality "1"]
[TimeControl "5400+30"]

1. d4 Nf6 2. Bf4 g6 3. Nc3 d5 4. Nf3 Bg7 5. e3 O-O 6. Be2 c5 7. O-O cxd4 8. exd4 Nc6 9. Ne5 Bf5 10. Nxc6 {[%emt 0:01:48] D00: 1 d4 d5: Unusual lines.} bxc6 11. Be5 Bh6 12. Bd3 {[%emt 0:11:50] The position is equal.} Bg4 13. f3 $146 (13. Be2 Bc8 14. Re1 Nd7 15. Bg3 Bg7 16. Bf1 Re8 17. Na4 e5 18. dxe5 Nxe5 19. f3 Bf5 20. Qd2 h5 21. Bf2 Qc7 22. Rad1 Rad8 23. b3 d4 24. Nc5 {½-½ Pritchett,C (2318)-Arakhamia Grant,K (2413) SCO-ch Edinburgh 2003 (7)}) 13... Bc8 14. Ne2 Nd7 15. Bg3 $1 c5 {[%emt 0:02:06] Hoping for ...c4.} 16. c3 Bg7 17. Bb5 Qb6 {[%emt 0:04:13] Prevents Bc6.} 18. Qa4 Nb8 (18... cxd4 $5 19. cxd4 Nf6 $15) 19. dxc5 Qxc5+ 20. Bf2 Qd6 21. c4 Nd7 22. Rfd1 {[%emt 0:06:59] And now Bc6 would win.} (22. Bxa7 $2 {loses.} Qc7 (22... Bxb2 $2 23. Rab1 $19) (22... Nb6 $2 23. Qa5 $19) 23. cxd5 Bxb2 $19 (23... Qxa7+ $2 24. Qxa7 Rxa7 25. Nc3 $19) (23... Rxa7 $2 24. Qb4 $19)) 22... Nb6 $2 {[%emt 0:06:23][%mdl 8192] [#]} (22... a6 $11 {and Black stays safe.}) 23. c5 $1 {[%emt 0:01:04] Weighted Error Value: White=0.08 (flawless) /Black=0.45  Loses game:     	---       	Black=1      Inaccurate:     	White=1     	Black=2      OK:         	White=4     	Black=1      Best:        	White=1     	---        Strong:       	White=2     	---} 1-0

[Event "SixDays Budapest January IM-A 2025"]
[Site "Budapest"]
[Date "2025.01.30"]
[Round "7.4"]
[White "Kiremitciyan, Ari"]
[Black "Varga, Zoltan"]
[Result "1/2-1/2"]
[Annotator "TA"]
[ECO "D00"]
[WhiteElo "2251"]
[BlackElo "2304"]
[PlyCount "125"]
[EventDate "2025.01.24"]
[EventType "tourn"]
[EventCountry "HUN"]
[SourceTitle "playchess.com"]
[Source "ChessBase"]
[SourceQuality "1"]
[TimeControl "5400+30"]

1. d4 d5 2. Bf4 c6 3. e3 Qb6 4. Qc1 Bg4 5. h3 Bh5 6. c4 {[%emt 0:00:50] D00: 1 d4 d5: Unusual lines.} dxc4 7. Bxc4 e6 8. Nd2 {[%emt 0:01:18] White is slightly better. Active counter play!} Nf6 9. Ngf3 Nbd7 $146 (9... Be7 10. O-O O-O 11. Bd3 Rc8 12. a3 Bg6 13. Bxg6 hxg6 14. b4 Nbd7 15. Nc4 Qa6 {0-1 Hambleton,A (2420)-Barria Zuniga,D (2341) Titled Tuesday intern op 18th Jun Early blitz 2024 (11)}) 10. O-O Be7 11. Be2 O-O 12. Nc4 Qd8 13. Rd1 a5 14. Qc2 Nb6 15. Nce5 {[%emt 0:02:39][%csl Oe5] Strong Square White (e5)} Nbd5 16. Bh2 a4 17. a3 Qa5 ({Black should try} 17... Bd6 $14) 18. Nc4 (18. g4 $16 Bg6 19. Nxg6 hxg6 20. g5) 18... Qa7 19. Nfe5 ({White should try} 19. e4 $16) 19... Bxe2 $11 20. Qxe2 Nb6 21. Nd2 Qa6 22. Qf3 Rad8 23. Rac1 Nfd7 24. Nec4 Nxc4 25. Nxc4 Nb6 26. Ne5 Qb5 27. Nd3 Nc4 28. Qe2 Na5 29. Bc7 Nb3 30. Bxd8 Nxc1 31. Rxc1 Rxd8 32. Qc2 Ra8 {[%emt 0:03:59] Not much happening anymore} 33. Qc4 {[%emt 0:03:50] [#]} Qxc4 34. Rxc4 {[%emt 0:00:02][%mdl 4096] Endgame KRB-KRN} f6 35. Nc5 b5 36. Rc2 Bxc5 37. Rxc5 {[%emt 0:00:02] KR-KR} Rc8 38. f4 Kf7 39. Kf2 f5 40. g4 g6 {[%emt 0:00:42] The position is equal.} 41. Kf3 Ke7 42. e4 fxe4+ 43. Kxe4 Kd6 44. h4 Rg8 45. Kf3 Rb8 46. Ke4 b4 47. Ra5 bxa3 48. bxa3 Rb1 49. Rxa4 Re1+ 50. Kd3 Rg1 51. g5 {[%emt 0:00:16] And now Ra7 would win.} Rh1 52. Ra7 Rxh4 53. Ke3 Rh3+ 54. Ke4 Rh1 55. a4 Re1+ 56. Kd3 Rd1+ 57. Kc3 Rc1+ 58. Kd2 Rf1 59. Ke3 Re1+ 60. Kd3 Rd1+ 61. Kc3 Rc1+ 62. Kd3 Rd1+ 63. Kc3 {Weighted Error Value: White=0.10 (very precise) /Black=0.07 (flawless)   Mistake:       	White=2     	Black=1      Inaccurate:     	White=4     	Black=2      OK:         	White=12    	Black=30     Best:        	---       	Black=3} 1/2-1/2

[Event "SixDays Budapest January IM-A 2025"]
[Site "Budapest"]
[Date "2025.01.30"]
[Round "7.5"]
[White "Mauron, Pierre"]
[Black "Golubovskis, Maksims"]
[Result "1/2-1/2"]
[Annotator "TA"]
[ECO "B92"]
[WhiteElo "2016"]
[BlackElo "2237"]
[PlyCount "120"]
[EventDate "2025.01.24"]
[EventType "tourn"]
[EventCountry "HUN"]
[SourceTitle "playchess.com"]
[Source "ChessBase"]
[SourceQuality "1"]
[TimeControl "5400+30"]

1. e4 c5 2. Nf3 d6 3. d4 Nf6 4. Nc3 cxd4 5. Nxd4 a6 6. Be2 g6 7. Be3 Bg7 8. Qd2 Nc6 9. O-O-O Nxd4 10. Bxd4 O-O 11. h4 {[%emt 0:06:32] White is more active.} Be6 {[%emt 0:08:00] B72: Sicilian Dragon: 6 Be3, lines with h3+Bc4 and sidelines.} 12. h5 b5 $146 (12... Rc8 13. g4 Qa5 14. f4 Rxc3 15. Qxc3 Qxa2 16. Bf3 Rc8 17. Qa3 Qc4 18. Qd3 Nxg4 19. Bxg7 Qxd3 20. Rxd3 {0-1 Tanenbaum,Z (2247)-Raja,H (2510) Aimchess Play In op rapid 2023 (5)}) 13. hxg6 fxg6 {[%emt 0:00:20] White is better.} 14. f3 Qa5 15. a3 Rfc8 16. Nd5 ({White should try} 16. Qg5 $14) 16... Qxd2+ $11 17. Rxd2 Bxd5 18. Bxf6 Bxf6 19. Rxd5 Be5 20. c3 Kg7 21. Kc2 h5 22. Kb3 e6 23. Rdd1 Kf6 24. Rh3 Ke7 25. g3 Bf6 26. Kc2 Rc5 27. f4 e5 (27... Rh8 $11) 28. Rf1 (28. f5 $16) 28... exf4 29. gxf4 h4 30. Rg1 Kf7 31. Rd1 Be7 32. Rd4 Rd8 33. Bg4 {[%emt 0:02:50] Opposite bishops and equal position} Kg7 34. Rhd3 Rf8 35. b4 Rc7 36. e5 dxe5 37. fxe5 Kh6 38. Kb3 Kg5 39. Bh3 Rf4 40. Rd7 Rxd7 41. Bxd7 {[%emt 0:02:59][%mdl 4096] Endgame KRB-KRB} (41. Rxd7 $11 Bf8 (41... Rf3 42. Bg2 $15) 42. Rh7) 41... Re4 42. a4 Rxe5 43. axb5 $2 (43. a5 $1 $11) 43... axb5 $17 44. c4 (44. Rd4 $17) 44... bxc4+ $19 45. Kxc4 {[%emt 0:00:01] [#]} Kf4 (45... Re4+ $1 $19 46. Rd4 Re1 (46... Rxd4+ 47. Kxd4 Kf4 48. b5 $17)) 46. b5 Rc5+ (46... Bc5 $142 {Strongly threatening ...g5.} 47. b6 Bxb6) 47. Kd4 $17 Rc1 48. Kd5 Bc5 49. Rb3 g5 ({Better is} 49... Bb6 $1 $15) 50. b6 $1 $11 Bxb6 {[%emt 0:01:04] [#]} 51. Rxb6 {[%emt 0:00:02] KRB-KR} Rd1+ 52. Ke6 Rxd7 53. Kxd7 $15 {[%emt 0:00:06] KR-KPP. The position is equal.} h3 54. Rh6 g4 55. Ke6 g3 56. Rxh3 g2 57. Rh4+ Kf3 58. Rh3+ Kf2 (58... Kf4 $5 59. Rh4+ $8 Kf3 60. Rh3+ Kf4 $11) 59. Rh2 Kf1 60. Rxg2 Kxg2 {[%emt 0:00:02] Black had all chances to win.   Weighted Error Value: White=0.18 (very precise) /Black=0.16 (very precise)   Mistake:       	White=5     	Black=4      Inaccurate:     	White=4     	Black=6      OK:         	White=11    	Black=18     Best:        	White=6     	Black=3      Strong:       	White=1     	---} 1/2-1/2

[Event "SixDays Budapest January IM-A 2025"]
[Site "Budapest"]
[Date "2025.01.30"]
[Round "8.1"]
[White "Karacsonyi, Kata"]
[Black "Golubovskis, Maksims"]
[Result "0-1"]
[Annotator "TA"]
[ECO "B48"]
[WhiteElo "2183"]
[BlackElo "2237"]
[PlyCount "76"]
[EventDate "2025.01.24"]
[EventType "tourn"]
[EventCountry "HUN"]
[SourceTitle "playchess.com"]
[Source "ChessBase"]
[SourceQuality "1"]
[TimeControl "5400+30"]

1. e4 c5 2. Nf3 e6 3. d4 cxd4 4. Nxd4 Nc6 5. Nc3 Qc7 6. Be3 a6 7. a3 Nf6 8. f4 d6 9. Qf3 Be7 10. Be2 {[%emt 0:04:23] B82: Sicilian Scheveningen: 6 f4.} O-O 11. O-O-O Rb8 (11... Bd7 $11) 12. Nb3 $146 (12. g4 $14) (12. g4 Nxd4 13. Bxd4 b5 14. g5 Nd7 15. Rhg1 b4 16. axb4 Rxb4 17. f5 Ne5 18. Qh3 {½-½ Jumabayev,R (2602)-Wang,H (2730) Asian Continental op 17th 2018 (8)}) 12... b5 $15 13. g4 b4 14. axb4 Rxb4 15. Qh3 (15. Bd2 $17 {was necessary.}) 15... Na5 $19 16. Nxa5 (16. Nd2) 16... Qxa5 17. Bd3 e5 (17... Qa1+ 18. Kd2 Qa5 (18... Qxb2 $2 19. Rb1 $18) 19. Ra1 $11) 18. f5 {[%emt 0:01:01] [#] and g5 would now be decisive} Rxb2 (18... Qa1+ 19. Kd2 Qa5 (19... Qxb2 $2 20. Rb1 $18) 20. Ra1 $16 (20. g5 Nxe4+ 21. Bxe4 Rxe4 $17)) 19. Kd2 (19. Kxb2 $142 Qb4+ 20. Ka2 Qxc3 21. Bd2 (21. g5 $2 Nxe4 22. Bxe4 Qc4+ 23. Kb1 Qxe4 $19)) 19... d5 20. Ra1 Ba3 (20... Nxe4+ 21. Bxe4 Ba3 22. Rxa3 (22. Bxd5 $2 Rd8 $19) 22... Qxa3 23. Nxd5 $15) 21. exd5 e4 22. Bc4 Qb4 23. Rxa3 Qxc4 (23... Qxa3 24. g5 Nxd5 25. Bxd5 (25. Nxd5 $2 Rd8 $19) 25... Rd8) 24. Kc1 Rb7 {[%emt 0:05:23] Really sharp! Black is more active.} ({Better is} 24... Qb4 $17 25. Bc5 Rxc2+ (25... Qxc5 26. Kxb2 h5 27. gxh5 $16) 26. Kxc2 Qxc5) 25. Rd1 $11 Qb4 $132 {[%emt 0:00:44][%mdl 2048] Black is not keeping still} 26. Rb3 Qa5 27. Rxb7 (27. Bd4 $11 {remains equal.}) 27... Bxb7 $17 28. g5 $2 {[%emt 0:04:42][%mdl 8192] This move loses the game for White.} (28. Bd4 $17) 28... Qxc3 $19 {[%emt 0:01:47] Black is clearly winning.} 29. gxf6 Rc8 {[%emt 0:00:28][%csl Gc8][%cal Rc3c2] [#]} (29... gxf6 $2 {is the wrong capture.} 30. Bd4 $18) 30. Qg2 Qxe3+ 31. Rd2 Qh6 ({And not} 31... Bxd5 32. Qxg7#) 32. fxg7 Qxg7 (32... Qf6 $142 33. Re2 Qa1+ (33... Bxd5 $2 34. Qg3 $19) (33... Qxf5 $2 34. Qxe4 Qxe4 35. Rxe4 $19) 34. Kd2 Qd4+ (34... Bxd5 $2 35. Qf2 $19) 35. Ke1 e3 (35... Bxd5 $2 36. Qg5 $19)) 33. f6 Qxg2 34. Rxg2+ Kf8 35. Rg7 Bxd5 36. Rxh7 Ke8 {[%emt 0:00:17] aiming for ...Kd7.} 37. Kd2 Kd7 38. h4 Ke6 {[%emt 0:00:20] Weighted Error Value: White=0.97/Black=0.69  Loses game:     	White=1     	---        Mistake:       	White=5     	Black=3      Inaccurate:     	White=3     	---        OK:         	White=5     	Black=4      Best:        	White=2     	Black=3} 0-1

[Event "SixDays Budapest January IM-A 2025"]
[Site "Budapest"]
[Date "2025.01.30"]
[Round "8.2"]
[White "Varga, Zoltan"]
[Black "Mauron, Pierre"]
[Result "1/2-1/2"]
[Annotator "TA"]
[ECO "B54"]
[WhiteElo "2304"]
[BlackElo "2016"]
[PlyCount "90"]
[EventDate "2025.01.24"]
[EventType "tourn"]
[EventCountry "HUN"]
[SourceTitle "playchess.com"]
[Source "ChessBase"]
[SourceQuality "1"]
[TimeControl "5400+30"]

1. e4 c5 2. Nf3 d6 3. d4 cxd4 4. Nxd4 Nf6 5. f3 e5 6. Nb3 Be6 7. c4 Be7 8. Be3 {[%emt 0:00:10] B55: Sicilian: 2...d6 3 d4 cxd4 4 Nxd4 Nf6 5 f3.} O-O 9. Nc3 a6 10. Rc1 {[%emt 0:01:30] White is slightly better.} Nbd7 11. Be2 Rc8 12. Nd5 Bxd5 13. cxd5 Rxc1 $146 (13... b5 14. Qd2 Nb6 15. Na5 Na8 16. Nc6 Qd7 17. O-O Qb7 18. Rc2 Rfe8 19. Rfc1 Bf8 {½-½ Button Rabl,J (1435)-Bartash,S (1661) Wch U10 Montesilvano 2024 (7)}) 14. Qxc1 Ne8 15. O-O {[%emt 0:00:30] Black is weak on the light squares} h6 ({Black should try} 15... f5 $14) 16. Qc3 $36 {[%emt 0:00:21][%mdl 2048] White is on the roll.} Bg5 17. Bf2 f5 18. exf5 Rxf5 (18... Qb8 $16 19. Qb4 Bd8) 19. Na5 $18 Qa8 20. Qb3 b5 21. Qc2 (21. Nc6 $18) 21... Rf8 22. h4 (22. Nc6 $142) 22... Bd8 $16 23. Nc6 Nef6 24. a4 {[%emt 0:01:33] White is much more active.} Nb6 (24... Bb6 $14) 25. axb5 {[%emt 0:05:15][%csl Oc6] Strong Square White (c6)} axb5 26. Bxb5 Nbxd5 27. Rd1 Kh8 28. Qb3 Nf4 29. Rxd6 Bc7 30. Rd1 e4 31. Bc5 Rc8 (31... Re8 $11 {remains equal.}) 32. Bd4 {[%emt 0:01:36] A strong pair of Bishops.} ({White should play} 32. Qa3 $16) 32... Qb7 $11 33. Bxf6 (33. Ba4 {simplifies} Ne2+ 34. Kf1 Qxb3 35. Bxb3 Nxd4 36. Rxd4 Bb6 37. Rd6) 33... gxf6 34. Qc4 (34. fxe4 Rg8 35. Kh1 (35. Rd2 Rg4 $15) 35... Rg4 $19 (35... Nxg2 $2 36. Qe6 $18) (35... Rxg2 36. Qf7 $11)) (34. Kh1 $11 {and White stays safe.} exf3 35. gxf3) 34... Be5 $2 (34... Rg8 $19 {has better winning chances.} 35. g4 exf3) 35. fxe4 $17 Qg7 $1 (35... Rg8 36. Nxe5 (36. Rd2 Qb6+ 37. Kf1 Qe3 $17) 36... Qb6+ (36... Rxg2+ $2 37. Kh1 $18) 37. Kf1 (37. Kh1 Qf2 $11) 37... fxe5 38. Qc6 Qxc6 39. Bxc6 $14) 36. Rd2 (36. Qf1 $15) 36... Qg3 $19 37. Kf1 {[%emt 0:00:37] [#] Prevents Qe1+.} Qxh4 (37... Ra8 $1 $19 {[%cal Ra8a1] ( -> ...Ra1+)} 38. Ba4 Qxh4 39. Rd8+ (39. Nxe5 $2 fxe5 40. Qc5 Qh1+ 41. Qg1 Qxg1+ 42. Kxg1 Rxa4 $19) 39... Rxd8 40. Nxd8 Bc7 (40... Bxb2 41. Qc5 $17)) 38. Qc5 (38. Rd8+ $17 Rxd8 39. Nxd8 Qh1+ (39... Bxb2 40. Nf7+ Kh7 41. Nd6 $17) 40. Kf2) 38... Ra8 $2 (38... Nh5 $19 {Threatens to win with ...Ng3+.} 39. Qb4 Ng3+ 40. Ke1 Nxe4+ 41. Kd1 Qh1+ 42. Kc2 Nxd2 43. Qxd2 Qh4) 39. Rd8+ $15 Rxd8 40. Nxd8 Qh1+ 41. Kf2 Qxg2+ (41... Nxg2 $2 {perishes.} 42. Qf8+ Kh7 43. Qe7+ Kh8 44. Nf7+ Kg8 45. Nxh6+ (45. Nxe5 Qe1+ 46. Kxg2 Qxe4+ 47. Kf2 fxe5 $18) 45... Kh8 46. Qd8+ (46. Nf7+ Kg8 $18) 46... Kh7 47. Qg8+ Kxh6 48. Qh8+ (48. Qxg2 Bd4+ 49. Kg3 Qe1+ 50. Kh3 Be5 $11) 48... Kg5 49. Qxh1 $18) 42. Ke1 Qxe4+ 43. Kd2 Qg2+ (43... Bxb2 $6 44. Qf8+ Kh7 45. Qf7+ Kh8 46. Qf8+ Kh7 47. Qf7+ Kh8 48. Qf8+ $11) 44. Kd1 Qh1+ (44... Bxb2 45. Qf8+ Kh7 46. Qe7+ Kg8 (46... Kg6 47. Be8+ Kf5 48. Qd7+ Ke4 49. Qe7+ Kf5 50. Qd7+ Ke4 51. Qe7+ Kf5 $11) 47. Qf7+ Kh8 48. Qf8+ Kh7 49. Qe7+ Kh8 50. Qf8+ $11) 45. Kd2 {[%emt 0:00:07] [#] Strongly threatening Qf8+.} Qg2+ {[%emt 0:00:12] White used his chance.   Weighted Error Value: White=0.40/Black=0.40  Loses game:     	White=2     	---        Missed win:     	---       	Black=2      Mistake:       	White=4     	Black=6      Inaccurate:     	White=6     	Black=1      OK:         	White=13    	Black=8      Best:        	White=3     	Black=7      Strong:       	---       	Black=1} ({Of course not} 45... Bxb2 $6 46. Qf8+ Kh7 47. Qe7+ Kh8 48. Qf8+ Kh7 49. Qe7+ Kh8 50. Qf8+ $11) (45... Qh2+ $1 $17 46. Kd1 Qh5+ (46... Bxb2 47. Qf8+ Kh7 48. Bd3+ Nxd3 49. Qf7+ Kh8 50. Qe8+ Kh7 51. Qf7+ Kh8 52. Qf8+ Kh7 53. Qf7+ $11) 47. Kd2 Qh2+ (47... Bxb2 48. Qf8+ Kh7 49. Qe7+ Kh8 50. Nf7+ Kg8 51. Qe8+ Kh7 52. Qh8+ Kg6 53. Qg8+ Kf5 54. Qh7+ Ke6 55. Nd8+ Kd6 56. Nb7+ Kd5 57. Qd7+ Ke4 58. Bc6+ Nd5 59. Nc5+ Kd4 60. Nb3+ Kc4 61. Kc2 $16)) 1/2-1/2

[Event "SixDays Budapest January IM-A 2025"]
[Site "Budapest"]
[Date "2025.01.30"]
[Round "8.3"]
[White "Kustar, Sandor"]
[Black "Kiremitciyan, Ari"]
[Result "1/2-1/2"]
[Annotator "TA"]
[ECO "A04"]
[WhiteElo "2240"]
[BlackElo "2251"]
[PlyCount "134"]
[EventDate "2025.01.24"]
[EventType "tourn"]
[EventCountry "HUN"]
[SourceTitle "playchess.com"]
[Source "ChessBase"]
[SourceQuality "1"]
[TimeControl "5400+30"]

1. Nf3 Nc6 2. d4 d5 3. Bf4 Bg4 4. e3 e6 5. c4 Nf6 6. Nc3 Bd6 {[%emt 0:01:00] D02: 1 d4 d5 2 Nf3 sidelines, including 2...Nf6 3 g3 and 2...Nf6 3 Bf4.} 7. Bg5 dxc4 8. Bxc4 O-O {[%emt 0:02:24] White is slightly better.} 9. a3 $146 (9. h3 Bh5 10. g4 Bg6 11. h4 Bb4 12. h5 Be4 13. h6 g6 14. Rh3 e5 15. Kf1 Bxc3 16. bxc3 {1-0 Moradiabadi,E (2514)-Hague,B (2381) NZL-ch op-A 130th 2023 (8)}) 9... e5 10. d5 Nb8 11. h3 Bc8 12. e4 Nbd7 13. O-O {[%emt 0:09:02] White has space advantage and is better White is much more active. The black rooks are passive.} a6 14. Re1 Re8 15. Bf1 Nf8 16. Nd2 h6 17. Be3 Ng6 18. Nc4 Be7 19. Qd2 Rf8 20. g3 Ne8 21. Rac1 Nd6 22. Nxd6 Bxd6 23. Bg2 Bd7 24. Rc2 b5 25. Rec1 a5 26. Nd1 f5 27. exf5 Bxf5 28. Rc3 b4 29. Rb3 (29. axb4 {deserves consideration.} axb4 30. Rc6) 29... Qd7 (29... Qe7 $5) 30. g4 Bxg4 31. hxg4 $14 Qxg4 {[%emt 0:00:33] [#]} 32. Bxh6 $1 gxh6 33. Rg3 Qh5 34. Be4 Rf6 35. Ne3 $36 {[%emt 0:02:20][%mdl 2048] White fights for an advantage. Really sharp!} Kh8 {[%emt 0:01:44] and ...Nf4 should not be overlooked} 36. Ng4 $1 Rf4 37. Bxg6 $1 Qxg6 {[%emt 0:00:02] [#]} (37... Qxg4 $1 $14 38. Rxg4 Rxg4+ 39. Kh2 Rxg6) 38. Nxe5 $1 $18 Qf5 39. Ng6+ Kh7 40. Nxf4 Bxf4 41. Qc2 (41. Qd4 $1 $18 Bxg3 42. fxg3) 41... Qxc2 $11 42. Rxc2 Bxg3 43. fxg3 {[%emt 0:00:04][%mdl 4096] Endgame KR-KR} Ra7 44. Rc6 bxa3 45. bxa3 a4 46. Kf2 Rb7 47. Ke3 Rb3+ 48. Ke4 Rxa3 49. Kf5 Rxg3 50. Rxc7+ Rg7 51. d6 a3 52. Rc2 Ra7 53. Ra2 {[%emt 0:00:48] Hoping for Ke6.} h5 54. Ke6 Ra6 55. Ke7 Ra4 $2 (55... Ra7+ $11 56. d7 Kg6) 56. d7 Re4+ 57. Kf6 Rd4 {[%emt 0:01:03] [#]} 58. Ke6 $1 ({And not} 58. Rxa3 Rxd7 59. Ra5 Kh6 $11) ({Less strong is} 58. Ke7 Kh6 $16) 58... Kg6 59. Rxa3 h4 {[%emt 0:00:02] [#]} 60. Ra6 $2 (60. Ra5 $1 {mates} h3 61. Ra3 Re4+ 62. Kd5 Re1 63. Rxh3 (63. d8=R Rd1+ 64. Ke6 Rxd8 $11) (63. Rg3+ Kf7 $11) 63... Rd1+ 64. Ke6 Re1+ 65. Kd6 Rd1+ 66. Ke7) 60... Rxd7 $1 {[%emt 0:01:00] The position is equal.} 61. Kxd7+ {[%emt 0:00:02] KR-KP} Kf5 62. Rh6 Kg4 63. Ke6 h3 64. Ke5 Kg3 65. Ke4 h2 66. Ke3 {[%emt 0:00:05] White threatens Rg6+ and mate.} Kg2 67. Rg6+ Kf1 {[%emt 0:01:33] White really could win this.   Weighted Error Value: White=0.16 (very precise) /Black=0.22 (precise)   Loses game:     	---       	Black=1      Missed win:     	White=1     	---        Mistake:       	White=1     	Black=2      Inaccurate:     	White=1     	Black=2      OK:         	White=16    	Black=29     Best:        	White=5     	Black=5      Strong:       	White=2     	---        Brilliant:      	White=2     	---} 1/2-1/2

[Event "SixDays Budapest January IM-A 2025"]
[Site "Budapest"]
[Date "2025.01.30"]
[Round "8.5"]
[White "Pribelszky, Bence Daniel"]
[Black "Chubakov, Sultan"]
[Result "1-0"]
[Annotator "TA"]
[ECO "B40"]
[WhiteElo "2391"]
[BlackElo "2237"]
[PlyCount "49"]
[EventDate "2025.01.24"]
[EventType "tourn"]
[EventCountry "HUN"]
[SourceTitle "playchess.com"]
[Source "ChessBase"]
[SourceQuality "1"]
[TimeControl "5400+30"]

1. e4 c5 2. Nf3 e6 3. d3 Nc6 4. g3 a6 5. Bg2 d6 6. O-O g6 7. c3 Bg7 8. d4 {[%emt 0:01:18] White is slightly better.} cxd4 9. cxd4 Nf6 10. Nc3 O-O 11. Bf4 d5 12. e5 Nd7 13. Re1 b5 14. Rc1 {[%emt 0:02:02][%cal Oc3d5] Threatens to win with Nxd5!} Qb6 15. h4 h5 (15... Bb7 $142 16. Bh3 Ne7) 16. Be3 Ne7 17. Bh3 {[%emt 0:04:02] White is more active.} Bb7 18. Ng5 {[%emt 0:01:57] And now Ne2 would win.} Nf5 $2 {[%emt 0:02:56] Loses the game.} (18... Rac8 $16 19. Ne2 Rxc1 20. Nxc1 (20. Qxc1 Rc8 $16) (20. Bxc1 Re8 $16) 20... Nf5) 19. Bxf5 $18 exf5 {[%emt 0:00:06][%cal Be6f5,Bf5f4][%mdl 32] [#]} 20. Qb3 $1 Nxe5 (20... Rad8 $142 21. Nxd5 Bxd5 22. Qxd5 Nxe5 23. dxe5 Qxe3 24. Qxf7+ Rxf7 25. Rxe3 Re7) 21. dxe5 d4 {[%emt 0:00:11] [#]} 22. Bxd4 Qxd4 23. e6 f4 24. exf7+ Kh8 25. Ne2 {[%emt 0:00:37][%csl LRd4,LRf4] Weighted Error Value: White=0.05 (flawless) /Black=0.42.  Loses game:     	---       	Black=1      Mistake:       	---       	Black=2      Inaccurate:     	---       	Black=1      OK:         	White=9     	Black=4      Best:        	White=1     	Black=2      Strong:       	White=1     	---        Brilliant:      	White=1     	---} 1-0